 Dungeon Crawl Stone Soup version 0.22-a0-283-g1871b15 (webtiles) character file.

2333 vishdafish the Cleaver (level 9, 0/69 HPs)
             Began as a Formicid Fighter on Mar 18, 2018.
             Slain by a sky beast (5 damage)
             ... on level 5 of the Dungeon.
             The game lasted 00:09:17 (6738 turns).

vishdafish the Cleaver (Formicid Fighter)           Turns: 6738, Time: 00:09:18

Health: 0/69       AC: -5    Str: 21    XL:     9   Next: 70%
Magic:  9/9        EV: 10    Int: 11    God:
Gold:   306        SH: 10    Dex: 10    Spells: 8/8 levels left

rFire    . . .     SeeInvis +   a - +0 war axe
rCold    . . .     Gourm    .   c - +0 shield
rNeg     . . .     Faith    .   b - +0 scale mail
rPois    .         Spirit   .   (helmet unavailable)
rElec    .         Reflect  .   (no cloak)
rCorr    .         Harm     .   (no gloves)
MR       .....                  (no boots)
Stlth    ..........             (no amulet)
HPRegen  0.21/turn              (no ring)
MPRegen  0.11/turn              (no ring)

@: corroded, heavily drained
A: permanent stasis, dig shafts and tunnels, four strong arms, antennae 3,
repulsion field 1, blurry vision 1, sense surroundings 1, MP-powered wands
a: Dig, Shaft Self


You were on level 5 of the Dungeon.
You were hungry.

You visited 1 branch of the dungeon, and saw 6 of its levels.

You collected 306 gold pieces.

Inventory:

Hand Weapons
 a - a +0 war axe (weapon)
 q - a +0 arbalest
Missiles
 l - 117 bolts
Armour
 b - a +0 scale mail (worn)
 c - a +0 shield (worn)
Jewellery
 h - an uncursed amulet of the acrobat
 k - an uncursed ring of fire
Wands
 r - a wand of paralysis (4)
Scrolls
 d - a scroll of magic mapping {unknown}
 g - a scroll of fear
 j - 2 scrolls of blinking {unknown}
 m - 4 scrolls of remove curse
 n - a scroll of enchant armour {unknown}
 o - a scroll of immolation {unknown}
 t - a scroll of identify
Potions
 e - 2 potions of heal wounds
 i - a potion of cancellation
 p - a potion of haste {unknown}
 u - a potion of magic {unknown}
Comestibles
 f - 8 rations


   Skills:
 - Level 6.0(3.4) Fighting
 * Level 8.3(5.6) Axes
 - Level 6.0(3.4) Armour
 + Level 2.9(0.5) Dodging
 + Level 7.8(5.1) Shields


You had 8 spell levels left.
You didn't know any spells.

Dungeon Overview and Level Annotations

Branches:
Dungeon (6/15)
 Temple: D:4-7

Altars:
Ashenzari
Gozag
Okawaru
Ru
Trog
Uskayaw
Yredelemnul


Innate Abilities, Weirdness & Mutations

You cannot be hasted, slowed, berserked, paralysed or teleported.
You can dig through walls and to a lower floor.
Your four strong arms can wield two-handed weapons with a shield.
You have a pair of large antennae on your head. (SInv)
You are surrounded by a mild repulsion field. (EV +2)
Scrolls take you a little longer to read.
You passively map a small area around you.
You expend magic power (3 MP) to strengthen your wands.


Message History

The jelly is almost dead.
You hit the wight. The wight misses you. The jelly hits you.
The acid corrodes you!
You are splashed with acid!
The acid burns!
The sky beast hits you. The sky beast shocks you.
* * * LOW HITPOINT WARNING * * *
You block the wight's attack. The jelly hits you.
* * * LOW HITPOINT WARNING * * *
You are splashed with acid!
The acid burns!
* * * LOW HITPOINT WARNING * * *
The sky beast barely misses you.
You climb upwards.
There is a stone staircase leading down here.
Really read with blurry vision while enemies are nearby?
The wight closely misses you. You block the jelly's attack.
You begin reading the scroll.
You continue reading the scroll.
The sky beast hits you.
* * * LOW HITPOINT WARNING * * *
The sky beast shocks you.
You die...

#.......#...###......###..##.####
##.#.#.###.## #.....####.<.......
#.......##.# #..#...........####
.#.#.#[###.# ##..########.#### #
.........#.###...###...##.# #
##.#.#.#.#.##.###.#....(#.# #
#.............# #.......#.# #
##.#.#.#......###Y......#.# #
#..)....######.J@z##...##)#######
##.#.#.## #.##.##..###........
#.......## #.##.##..# #########
##.#.#>#.#####.##.##.)######
.......#....##.##..........#
##.††#...##.##.##.##(.####.#
##†###.###.##.##.##(.# #.# ###.#
#.# #.)..#...#..# #.# #...#
#.###........((.# #.#


You could see a sky beast, a jelly and a wight.

Vanquished Creatures
  The ghost of Duffy the Insei, a novice DsTm (D:5)
  Grinder (D:5)
  Sigmund (D:6)
  The ghost of Arum the Ducker, an amateur MiGl (D:3)
  Duvessa (D:5)
  A phantom (D:6)
  2 ogres
  2 centaurs (D:5)
  3 bullfrogs (D:6)
  Dowan (D:5)
  2 scorpions
  4 wights
  A bullfrog zombie (D:4)
  2 howler monkeys
  A crimson imp (D:3)
  A hound (D:3)
  A centaur skeleton (D:4)
  5 orc wizards
  An iguana (D:4)
  A worker ant (D:5)
  A hound zombie (D:4)
  A hound skeleton (D:6)
  5 adders
  2 adder skeletons
  A worm (D:3)
  2 leopard geckos
  9 orcs
  2 giant cockroaches
  5 hobgoblins
  13 jackals
  6 kobolds
  A quokka (D:2)
  3 ball pythons
  5 bats
  3 frilled lizards
  A giant cockroach zombie (D:5)
  3 goblins (D:2)
  A jackal zombie (D:5)
  A leopard gecko skeleton (D:4)
  9 rats
107 creatures vanquished.

Vanquished Creatures (others)
  An orc wizard (D:3)
  An orc (D:4)
2 creatures vanquished.

Grand Total: 109 creatures vanquished

Notes
Turn   | Place    | Note
-------+----------+-------------------------------------------
     0 | D:1      | vishdafish the Formicid Fighter began the quest for the Orb.
     0 | D:1      | Reached XP level 1. HP: 18/18 MP: 1/1
   426 | D:1      | Reached XP level 2. HP: 24/24 MP: 2/2
   717 | D:2      | Found a sacrificial altar of Ru.
   720 | D:2      | Found an iron altar of Okawaru.
   729 | D:2      | Found a sacrificial altar of Ru.
   782 | D:2      | Reached XP level 3. HP: 9/29 MP: 3/3
  1182 | D:2      | Found an opulent altar of Gozag.
  1182 | D:2      | Found a bloodstained altar of Trog.
  1304 | D:2      | Found a shattered altar of Ashenzari.
  1641 | D:3      | Reached skill level 3 in Axes
  1641 | D:3      | Reached XP level 4. HP: 17/37 MP: 4/4
  1662 | D:3      | Reached XP level 5. HP: 25/42 MP: 5/5
  1863 | D:3      | Found a hide-covered altar of Uskayaw.
  1863 | D:3      | Noticed Arum's ghost (amateur MiGl)
  1892 | D:3      | Killed Arum's ghost
  1892 | D:3      | Reached skill level 4 in Axes
  1892 | D:3      | Reached XP level 6. HP: 49/49 MP: 6/6
  1956 | D:3      | Found a basalt altar of Yredelemnul.
  2599 | D:4      | Noticed an ogre
  2599 | D:4      | Reached skill level 5 in Shields
  2604 | D:4      | Killed an ogre
  2604 | D:4      | Reached XP level 7. HP: 38/55 MP: 7/7
  2802 | D:4      | Reached skill level 5 in Axes
  2951 | D:4      | Reached skill level 5 in Armour
  2996 | D:4      | Reached skill level 5 in Fighting
  4144 | D:5      | Entered Level 5 of the Dungeon
  4172 | D:5      | Noticed Grinder
  4207 | D:4      | Reached XP level 8. HP: 29/62 MP: 8/8
  4462 | D:5      | Gained mutation: You are surrounded by a mild repulsion field. (EV +2) [potion of mutation]
  4462 | D:5      | Gained mutation: Scrolls take you a little longer to read. [potion of mutation]
  4462 | D:5      | Gained mutation: You expend magic power (3 MP) to strengthen your wands. [potion of mutation]
  4462 | D:5      | Gained mutation: You passively map a small area around you. [potion of mutation]
  4483 | D:5      | Killed Grinder
  4483 | D:5      | Reached skill level 6 in Axes
  4847 | D:5      | Noticed Duffy's ghost (novice DsTm)
  4870 | D:5      | Killed Duffy's ghost
  5116 | D:5      | Noticed Dowan
  5117 | D:5      | Noticed Duvessa
  5139 | D:5      | Killed Duvessa
  5139 | D:5      | Reached skill level 7 in Axes
  5139 | D:5      | Reached skill level 1 in Dodging
  5139 | D:5      | Reached XP level 9. HP: 52/69 MP: 9/9
  5151 | D:5      | Killed Dowan
  5492 | D:6      | Noticed Edmund
  6308 | D:6      | Noticed Sigmund
  6324 | D:6      | Killed Sigmund
  6324 | D:6      | Reached skill level 8 in Axes
  6738 | D:5      | Slain by a sky beast

Vault maps used:
D:1:      dpeg_arrival_tiny_i
D:2:      nicolae_overflow_hidden_temple, dk_vineyard_1,
          nicolae_ru_great_annihilating_truth
D:3:      grunt_temple_overflow_open, first_ration
D:5:      st_stairs_12, uniq_grinder, uniq_duvessa
D:6:      temple_hall, hangedman_decor_growths, minmay_misc_feat_rows,
          uniq_sigmund, uniq_prince_ribbit1, uniq_edmund

Skill      XL: |  1  2  3  4  5  6  7  8  9 |
---------------+----------------------------+-----
Shields        | 4 5 6 7 |  7.8
Axes           | 3 4 5 7 8 |  8.3
Fighting       | 4 5 6 |  6.0
Armour         | 4 5 6 |  6.0
Dodging        | 1 2 |  2.9

Action                   |  1- 3 |  4- 6 |  7- 9 || total
-------------------------+-------+-------+-------++-------
Melee: War axe           |   174 |   129 |   323 ||   626
 Abil: Dig               |       |       |     3 ||     3
Evoke: Wand              |       |       |     5 ||     5
  Use: Scroll            |     1 |     4 |     2 ||     7
       Potion            |     2 |     1 |     5 ||     8
 Stab: Invisible         |     1 |       |     2 ||     3
       Paralysed         |     1 |       |     6 ||     7
  Eat: Chunk             |     1 |     1 |     7 ||     9
       Ration            |       |     1 |     2 ||     3
Armor: Scale mail        |    77 |    30 |    93 ||   200
       Skin              |     2 |    35 |       ||    37
Dodge: Dodged            |    74 |    36 |   135 ||   245
Block: Shield            |   118 |    50 |   161 ||   329

Table legend:
 A = Spawn XP
 B = Non-spawn XP
 C = Spawn XP percentage of total XP
 D = Spawn monster count
 E = Non-spawn monster count
 F = Spawn count percentage of total count
 G = Total turns spent on level
                    A         B        C        D         E        F      G
               +---------+---------+-------+---------+---------+-------+---------
         Total |       0 |    3334 |   0.0 |       0 |     108 |   0.0 |  6738
               +---------+---------+-------+---------+---------+-------+---------
           D:1 |       0 |       9 |   0.0 |       0 |       7 |   0.0 |   631
           D:2 |       0 |      48 |   0.0 |       0 |      17 |   0.0 |   945
           D:3 |       0 |     419 |   0.0 |       0 |      27 |   0.0 |  1193
           D:4 |       0 |     562 |   0.0 |       0 |      18 |   0.0 |  1617
           D:5 |       0 |    1404 |   0.0 |       0 |      22 |   0.0 |  1471
           D:6 |       0 |     892 |   0.0 |       0 |      17 |   0.0 |   881
               +---------+---------+-------+---------+---------+-------+---------
